Map: Void Launch

Players

IcamefromLol

  • Race: Terran Terran
  • Spawn Location: 6:00

NamroodTuo

  • Race: Terran Terran
  • Spawn Location: 6:00

VOD

Have the link to the VOD?

Description

Time

  • Played on: Feb. 1, 2023, 12:02 p.m.
  • Length: 26:04
Show
View Real Time Build Order
Export as new Build Order

IcamefromLol Terran 

Build Orders:  

Get SALT Encoding   

  12  0:04  SCV  
  13  0:28  SCV  
  14  0:35  Supply Depot  
  14  0:49  SCV  
  15  1:06  SCV  
  16  1:14  Supply Depot  
  16  1:23  SCV  
  17  1:40  SCV, Refinery  
  17  1:45  Barracks  
  17  1:47  Refinery  
  18  1:57  SCV  
  19  2:13  SCV  
  20  2:30  SCV  
  21  2:40  Supply Depot  
  21  2:47  SCV  
  22  3:04  Marine, SCV  
  24  3:14  Marine  
  25  3:21  SCV  
  25  3:24  Marine  
  25  3:28  Factory  
  27  3:34  Marine  
  27  3:38  SCV  
  29  3:44  Marine  
  28  4:14  SCV  
  29  4:31  SCV  
  29  4:35  Supply Depot  
  30  4:48  SCV  
  31  5:08  Supply Depot  
  31  5:23  Armory  
  31  5:41  Supply Depot  
  31  6:02  SCV  
  32  6:19  SCV  
  33  6:21  Armory  
  33  6:37  Starport  
  33  7:36  Fusion Core  
  33  7:41  Starport Tech Lab  
  33  8:54  Battlecruiser  
  39  9:24  Command Center  
  39  9:35  Weapon Refit  
  39  9:36  Battlecruiser  
  45  10:19  Battlecruiser  
  45  10:29  Supply Depot  
  51  11:00  Supply Depot  
  51  11:02  Battlecruiser  
  57  11:34  Supply Depot  
  51  12:06  Supply Depot  
  51  12:11  Battlecruiser  
  57  12:21  SCV  
  58  12:38  SCV  
  58  12:39  Supply Depot  
  59  12:54  Battlecruiser  
  59  12:55  SCV, Advanced Optics  
  66  13:10  Refinery, Supply Depot  
  66  13:12  SCV  
  66  13:19  Refinery  
  67  13:28  SCV  
  68  13:32  Orbital Command  
  68  14:55  Terran Vehicle and Ship Weapons Level 1  
  68  14:56  SCV  
  69  15:13  SCV  
  70  15:23  Battlecruiser  
  76  15:30  SCV  
  77  15:47  SCV  
  78  16:04  SCV  
  78  16:05  Battlecruiser  
  85  16:48  Battlecruiser  
  85  17:35  Terran Vehicle And Ship Armor Level 1  
  85  18:10  SCV  
  86  18:27  SCV, Battlecruiser  
  93  18:44  SCV  
  94  19:01  SCV  
  95  19:10  Battlecruiser  
  95  19:17  SCV  
  96  19:53  Battlecruiser  
  96  20:15  Terran Vehicle and Ship Weapons Level 2  
  96  20:35  Battlecruiser  
  102  21:44  SCV  
  103  21:53  Battlecruiser  
  109  22:01  SCV  
  110  22:18  SCV  
  105  22:35  SCV  
  105  22:36  Battlecruiser  
  112  22:52  SCV  
  113  23:19  Battlecruiser  
  113  23:25  Afterburners  
  119  24:01  Battlecruiser  
  125  24:52  Battlecruiser  
Show
View Real Time Build Order
Export as new Build Order

NamroodTuo Terran 

Build Orders:  

Get SALT Encoding   

  12  0:03  SCV  
  13  0:16  SCV  
  14  0:30  SCV  
  15  0:41  Supply Depot  
  15  0:59  SCV  
  16  1:12  SCV  
  16  1:17  Supply Depot  
  17  1:26  SCV  
  11  1:40  SCV  
  19  1:53  SCV  
  20  2:01  Factory  
  20  2:07  SCV  
  21  2:20  SCV  
  21  2:28  Refinery  
  22  2:32  Refinery  
  22  2:34  SCV  
  23  2:47  SCV  
  24  2:57  Devastation Turret  
  24  3:01  SCV  
  25  3:14  SCV  
  26  3:28  SCV  
  27  3:33  Perdition Turret  
  27  3:42  SCV  
  27  3:45  Perdition Turret  
  28  3:55  SCV  
  29  4:09  Devastation Turret  
  29  4:21  Devastation Turret  
  29  4:30  SCV  
  29  4:34  Devastation Turret  
  30  4:52  Perdition Turret  
  30  4:53  Perdition Turret  
  30  4:55  Devastation Turret  
  30  5:01  Armory  
  30  5:08  Engineering Bay  
  30  5:38  Spinning Dizzy  
  30  5:42  Spinning Dizzy  
  30  5:43  Perdition Turret x2  
  30  6:04  Command Center  
  30  6:14  Perdition Turret  
  30  6:32  Devastation Turret  
  30  6:33  SCV  
  31  6:53  Spinning Dizzy  
  31  7:02  Devastation Turret  
  31  7:22  Devastation Turret  
  31  7:37  Spinning Dizzy  
  31  7:43  SCV  
  32  7:51  Devastation Turret  
  32  7:57  SCV  
  33  8:05  Spinning Dizzy  
  33  8:23  SCV  
  34  8:32  Spinning Dizzy  
  34  8:36  SCV  
  35  8:45  Spinning Dizzy  
  35  8:50  SCV  
  35  8:53  Spinning Dizzy  
  35  8:55  Devastation Turret  
  36  9:03  SCV  
  37  9:14  Refinery  
  37  9:15  Perdition Turret  
  37  9:17  SCV  
  38  9:21  Refinery  
  38  9:26  Structure Armor  
  38  9:30  SCV  
  38  9:39  Devastation Turret  
  39  9:44  SCV  
  40  9:58  SCV  
  41  10:26  Hi-Sec Auto Tracking  
  39  10:46  SCV  
  38  10:57  Supply Depot  
  38  11:00  SCV, Supply Depot  
  39  11:13  SCV  
  40  11:27  SCV  
  41  11:30  Supply Depot  
  41  11:33  Supply Depot  
  41  11:42  Starport  
  41  12:01  Supply Depot  
  41  12:05  Supply Depot  
  41  12:13  SCV  
  42  12:22  Starport  
  42  12:27  SCV  
  43  12:40  SCV, Spinning Dizzy  
  43  12:41  Spinning Dizzy  
  43  12:44  Devastation Turret  
  43  12:48  Starport Tech Lab, Devastation Turret  
  44  12:50  Devastation Turret  
  44  12:52  Starport  
  44  12:54  SCV  
  45  13:02  Perdition Turret  
  45  13:04  Devastation Turret  
  45  13:07  SCV  
  46  13:10  SCV  
  46  13:18  Supply Depot  
  46  13:19  Devastation Turret  
  47  13:21  Starport Reactor  
  47  13:22  Starport Reactor  
  47  13:24  SCV  
  47  13:25  Improved Nano-Repair  
  48  13:33  Wraith  
  48  13:37  SCV  
  51  13:40  Supply Depot  
  51  13:45  Regenerative Bio-Steel  
  51  13:51  SCV  
  51  13:53  Upgrade Laser Drill Level 1  
  52  14:04  SCV  
  53  14:12  Wraith  
  53  14:13  Spinning Dizzy  
  53  14:16  Spinning Dizzy  
  55  14:25  Pulse Amplifier  
  55  14:28  Spinning Dizzy  
  55  14:29  Devastation Turret  
  55  14:39  Devastation Turret  
  55  14:48  Wraith  
  57  14:52  Wraith  
  57  14:54  SCV  
  60  15:08  SCV  
  61  15:15  Advanced Optics  
  61  15:19  Wraith x2  
  65  15:22  SCV  
  66  15:32  Wraith  
  66  15:39  Wraith x2  
  72  15:59  Wraith  
  74  16:12  Wraith  
  76  16:48  Wraith  
  78  16:52  Science Vessel  
  80  17:15  Perdition Turret, Terran Vehicle and Ship Weapons Level 1  
  75  17:40  Science Vessel  
  77  18:02  SCV  
  78  18:16  SCV  
  79  18:24  Spinning Dizzy  
  79  18:28  Science Vessel, Spinning Dizzy  
  79  18:29  SCV  
  81  18:33  Spinning Dizzy  
  82  18:42  Wraith x3  
  82  18:43  SCV, Wraith  
  82  18:46  Spinning Dizzy  
  82  18:48  Devastation Turret  
  91  18:56  SCV  
  91  18:57  Devastation Turret  
  92  19:10  Devastation Turret  
  92  19:16  Science Vessel  
  92  19:17  Devastation Turret  
  94  19:22  Wraith x3  
  94  19:23  Wraith  
  94  19:27  Devastation Turret  
  102  19:30  Upgrade Laser Drill Level 2  
  102  19:37  Devastation Turret  
  98  19:55  Terran Vehicle And Ship Armor Level 1  
  95  20:02  Wraith  
  95  20:04  Science Vessel  
  99  20:17  Perdition Turret x2  
  99  20:19  Perdition Turret  
  99  20:52  Science Vessel  
  101  21:40  Science Vessel  
  71  22:01  Wraith  
  71  22:02  Wraith x3  
  75  22:18  Spinning Dizzy  
  75  22:23  Spinning Dizzy  
  75  22:28  Science Vessel  
  77  22:33  Spinning Dizzy  
  75  22:41  Wraith  
  75  22:42  Wraith x3  
  75  22:43  Devastation Turret  
  83  22:53  Devastation Turret  
  83  23:06  Perdition Turret x3  
  83  23:08  Perdition Turret  
  83  23:16  Wraith  
  85  23:21  Wraith  
  85  23:22  Wraith x3  
  93  23:43  Spinning Dizzy  
  93  23:46  Spinning Dizzy x2  
  93  23:47  Spinning Dizzy  
  93  23:50  Spinning Dizzy  
  93  23:56  Wraith  
  95  24:00  Devastation Turret  
  95  24:04  Devastation Turret  
  95  24:08  Devastation Turret  
  57  25:23  Perdition Turret x2  
Tags
 
Commander
RaynorSwann
Matchup
Co-op
Replay Pack
Multiplayer
Add a new tag
Caveats
  • Supply blocks, unpowered buildings, or Contaminate may cause inaccurate times.
  • Supply counts are checked every 10 seconds.